 Dungeon Crawl Stone Soup version 0.27-a0-906-g0a00ce863d (webtiles) character file.

Game seed: 14955980512786130696

7705 lunkers the Thaumaturge (level 11, -17/85 HPs)
             Began as a Djinni Air Elementalist on Apr 7, 2021.
             Was a Priest of Makhleb.
             Demolished by a boulder beetle (21 damage)
             ... on level 9 of the Dungeon.
             The game lasted 00:20:31 (12673 turns).

lunkers the Thaumaturge (Djinni Air Elementalist)  Turns: 12673, Time: 00:20:32

Health: -17/85     AC:  6    Str:  7    XL:     11   Next: 19%
Gold:   401        EV: 16    Int: 19    God:    Makhleb [***...] SH:  5 Dex: 15

rFire    + + .     SeeInvis .   f - +2 dagger (drain)
rCold    x . .     Faith    .   (no shield)
rNeg     . . .     Spirit   .   I - +0 steam dragon scales
rPois    ∞         Reflect  +   g - +1 helmet
rElec    .         Harm     .   M - +1 cloak
rCorr    .         Rampage  .   h - +0 pair of gloves
Will     ++...                  (boots unavailable)
Stlth    ++........             n - amulet of reflection
HPRegen  0.24/turn              z - ring of willpower
MPRegen  0.00/turn              R - +4 ring of evasion

@: corroded, flying
A: fire resistance 2, cold vulnerability 1, float, innate caster, hp casting,
extra vitality 1
a: Renounce Religion, Minor Destruction, Lesser Servant of Makhleb


You were on level 9 of the Dungeon.
You worshipped Makhleb.
Makhleb was most pleased with you.
You visited 2 branches of the dungeon, and saw 10 of its levels.

You collected 401 gold pieces.

Inventory:

Hand Weapons
 f - a +2 dagger of draining (weapon)
Missiles
 p - 5 throwing nets
 D - 5 atropa-tipped darts
Armour
 a - a +0 robe
 g - a +1 helmet (worn)
 h - a +0 pair of gloves (worn)
 x - a +2 kite shield
 C - the +2 scale mail of the True Pharaoh {Will+ Dex+4}
   (You found it on level 6 of the Dungeon)

   It affects your dexterity (+4).
   It increases your willpower.
 I - +0 steam dragon scales (worn)
 M - a +1 cloak (worn)
Jewellery
 n - an amulet of reflection (around neck)
 u - an amulet of the acrobat
 z - a ring of willpower (left hand)
 R - a +4 ring of evasion (right hand)
 T - a ring of willpower
Wands
 c - a wand of acid (6)
 v - a wand of flame (65)
 G - a wand of iceblast (10)
 K - a wand of polymorph (13)
 L - a wand of paralysis (7)
 N - a wand of charming (9)
 O - a wand of random effects (13)
Scrolls
 d - 2 scrolls of enchant armour {unknown}
 e - 6 scrolls of teleportation
 l - a scroll of blinking {unknown}
 q - a scroll of enchant weapon {unknown}
 r - a scroll of acquirement {unknown}
 s - 3 scrolls of fog {unknown}
 t - a scroll of holy word {unknown}
 y - a scroll of brand weapon {unknown}
 A - a scroll of magic mapping {unknown}
 B - 2 scrolls of vulnerability {unknown}
 E - a scroll of amnesia {unknown}
 F - a scroll of summoning {unknown}
 H - a scroll of noise {unknown}
Potions
 b - 2 potions of lignification
 i - a potion of flight {unknown}
 j - a potion of heal wounds {unknown}
 k - 2 potions of brilliance
 m - 3 potions of might
 o - 2 potions of mutation
 w - 4 potions of curing
 J - a potion of magic {unknown}
 P - a potion of ambrosia {unknown}
 Q - 2 potions of cancellation {unknown}
Miscellaneous
 S - a condenser vane


   Skills:
 + Level 9.8 Fighting
 - Level 2.1 Dodging
 - Level 1.5 Stealth
 * Level 11.8 Spellcasting


You had 5 spell levels left.
You knew the following spells:

 Your Spells              Type           Power      Damage    Failure   Level
a - Airstrike             Air            27%        N/A       1%          4
b - Swiftness             Air            54%        N/A       1%          2
c - Static Discharge      Conj/Air       54%        N/A       1%          3
d - Shock                 Conj/Air       100%       1d9       1%          1
e - Lightning Bolt        Conj/Air       27%        1d43      1%          5
f - Magic Dart            Conj           100%       1d8       1%          1
g - Call Imp              Summ           54%        N/A       1%          2
h - Ensorcelled Hibernat  Hex/Ice        100%       N/A       1%          2
i - Mephitic Cloud        Conj/Pois/Air  54%        N/A       1%          3
j - Iskenderun's Battles  Conj           54%        2d10      1%          5
Your spell library was empty.

Dungeon Overview and Level Annotations

Branches:
Dungeon (9/15)             Temple (1/1) D:4
   Lair: D:8-11         Orc: D:9-12

Altars:
Ashenzari
Cheibriados
Dithmenos
Elyvilon
Fedhas
Gozag
Hepliaklqana
Kikubaaqudgha
Makhleb
Nemelex Xobeh
Okawaru
Qazlal
Ru
Sif Muna
Trog
Uskayaw
Vehumet
Xom
Yredelemnul
Zin
The Shining One

Annotations:
D:5 2 transporters, 12572944's ghost, novice DjCj


Innate Abilities, Weirdness & Mutations

You are immune to poison.
Your flesh is very heat resistant. (rF++)
You are vulnerable to cold. (rC-)
You float through the air rather than walking.
You learn spells naturally, not from books.
Your magical power is your life essence.
You have superior vitality. (+4 HP)


Message History

Confirm with . or Enter, or press ? or * to list all spells.
Aiming: Airstrike (mildly dangerous; 1% risk of failure)
Press: ? - help, Dir - move target, f/p - acid dragon
Aim: an acid dragon (almost dead, catching its breath)
The air twists around and strikes the acid dragon!
You kill the acid dragon!
Makhleb accepts your kill.
The acid dragon scales are intact enough to wear.
* * * LOW HITPOINT WARNING * * *
The boulder beetle curls into a ball and begins rolling!
The boulder beetle hits you!
* * * LOW HITPOINT WARNING * * *
The boulder beetle stops rolling and uncurls.
Aiming: Paralyse
Press: ? - help, Shift-Dir - straight line, f - boulder beetle
Aim: a boulder beetle (chance to affect: 28%)
The boulder beetle easily resists.
The boulder beetle closely misses you.
Aiming: Paralyse
Press: ? - help, Shift-Dir - straight line, f/p - boulder beetle
Aim: a boulder beetle (chance to affect: 28%)
The boulder beetle easily resists.
The boulder beetle barely misses you.
Aiming: Paralyse
Press: ? - help, Shift-Dir - straight line, f/p - boulder beetle
Aim: a boulder beetle (chance to affect: 28%)
The boulder beetle easily resists.
The boulder beetle bites you!
* * * LOW HITPOINT WARNING * * *
Aiming: Paralyse
Press: ? - help, Shift-Dir - straight line, f/p - boulder beetle
Aim: a boulder beetle (chance to affect: 28%)
The boulder beetle easily resists.
The boulder beetle bites you!
* * * LOW HITPOINT WARNING * * *
Aiming: Paralyse
Press: ? - help, Shift-Dir - straight line, f/p - boulder beetle
Aim: a boulder beetle (chance to affect: 28%)
The boulder beetle easily resists.
The boulder beetle misses you.
Aiming: Paralyse
Press: ? - help, Shift-Dir - straight line, f/p - boulder beetle
Aim: a boulder beetle (chance to affect: 28%)
The boulder beetle easily resists.
The boulder beetle bites you!!
You die...

.###.#####
........####
..........# #°..#.#..#
#.○.#.#..#
#...#.#..####
#.##...°°......#
#.##...###B.####
#.###..###@.#
####..####.....##
#..#''#..##.#...+
#.#....#(##.#..##
####......##.....#
#..'......'(.....#
##..'......'.#.#......
...##......##.....###.
##.#[#....#.##......


You could see a boulder beetle.

Vanquished Creatures
  Harold (D:8)
  Pikel (D:8)
  Maurice (D:8)
  Joseph (D:9)
  A hornet (D:9)
  Prince Ribbit (D:7)
  Eustachio (D:4)
  A wraith (D:9)
  A wyvern (D:9)
  5 yaks (D:8)
  5 steam dragons
  Menkaure (D:7)
  An acid dragon (D:9)
  4 water moccasins
  2 black bears
  An orc warrior (D:7)
  An ice beast (D:6)
  A sky beast (D:5)
  A necrophage (D:5)
  A centaur (D:9)
  4 ogres
  A lemure (D:8)
  A bullfrog (D:6)
  A kobold brigand (D:7)
  Blork the orc (D:4)
  4 scorpions
  2 gnoll sergeants
  A water moccasin skeleton (D:7)
  10 killer bees
  3 wights (D:6)
  An electric eel (D:6)
  2 howler monkeys
  A vampire bat (D:5)
  2 hounds
  A bullfrog skeleton (D:5)
  2 jellies
  A gnoll shaman (D:4)
  A centaur zombie (D:6)
  An orc priest (D:7)
  A centaur skeleton (D:4)
  6 orc wizards
  A killer bee zombie (D:8)
  A howler monkey zombie (D:8)
  10 adders
  14 gnolls
  2 river rats (D:3)
  A shadow imp (D:8)
  2 white imps
  An ufetubus (D:4)
  2 adder skeletons
  2 worms (D:2)
  3 dart slugs
  17 orcs
  8 ball pythons
  11 bats
  7 endoplasms
  3 giant cockroaches
  5 goblins
  10 hobgoblins
  4 jackals (D:3)
  4 quokkas
  3 frilled lizards
  6 kobolds
  A rat (D:3)
197 creatures vanquished.

Notes
Turn   | Place    | Note
-------+----------+-------------------------------------------
     0 | D:1      | lunkers the Djinni Air Elementalist began the quest for the
                  | Orb.
     0 | D:1      | Reached XP level 1. HP: 15/15 MP: 0/0
   300 | D:1      | Reached skill level 3 in Spellcasting
   300 | D:1      | Reached XP level 2. HP: 21/22 MP: 0/0
   376 | D:1      | Found a faded altar of an unknown god.
   917 | D:1      | Reached skill level 1 in Fighting
  1228 | D:2      | Reached XP level 3. HP: 25/27 MP: 0/0
  1228 | D:2      | Learned a level 1 spell: Magic Dart
  1674 | D:2      | Reached XP level 4. HP: 25/33 MP: 0/0
  2075 | D:2      | Found a burning altar of Makhleb.
  2092 | D:2      | Became a worshipper of Makhleb the Destroyer
  2868 | D:3      | Reached skill level 4 in Spellcasting
  3185 | D:3      | Reached XP level 5. HP: 26/38 MP: 0/0
  3185 | D:3      | Learned a level 2 spell: Call Imp
  4278 | D:4      | Reached * piety under Makhleb
  4367 | D:4      | Reached XP level 6. HP: 35/45 MP: 0/0
  4448 | D:4      | Reached skill level 5 in Spellcasting
  4610 | D:4      | Noticed a black bear
  4968 | D:4      | Noticed Eustachio
  4978 | D:4      | Killed Eustachio
  4979 | D:4      | Reached XP level 7. HP: 14/51 MP: 0/0
  4979 | D:4      | Learned a level 2 spell: Ensorcelled Hibernation
  5507 | D:4      | Reached skill level 6 in Spellcasting
  5540 | D:4      | Found a staircase to the Ecumenical Temple.
  5555 | Temple   | Entered the Ecumenical Temple
  5870 | D:4      | You are sucked into a shaft and drop 3 floors!
  6085 | D:7      | Found a glowing golden altar of the Shining One.
  6088 | D:7      | Noticed Menkaure
  6096 | D:7      | Killed Menkaure
  6097 | D:7      | Reached XP level 8. HP: 43/58 MP: 0/0
  6309 | D:6      | Reached skill level 5 in Fighting
  6311 | D:6      | Reached skill level 7 in Spellcasting
  6476 | D:5      | Entered Level 5 of the Dungeon
  6552 | D:5      | Found a transporter.
  6557 | D:5      | Found a transporter.
  6559 | D:5      | Noticed 12572944's ghost (novice DjCj)
  6586 | D:5      | Reached ** piety under Makhleb
  6947 | D:5      | Found a shadowy altar of Dithmenos.
  6953 | D:5      | Found a snail-covered altar of Cheibriados.
  7070 | D:4      | Found a stormy altar of Qazlal.
  7134 | D:5      | Reached skill level 8 in Spellcasting
  7158 | D:5      | Reached XP level 9. HP: 27/66 MP: 0/0
  7158 | D:5      | Learned a level 3 spell: Mephitic Cloud
  7602 | D:4      | Noticed Blork the orc
  7606 | D:4      | Killed Blork the orc
  8717 | D:6      | Identified the +2 scale mail of the True Pharaoh {Will+
                  | Dex+4}
  9073 | D:6      | Reached skill level 9 in Spellcasting
 10208 | D:7      | Noticed Prince Ribbit
 10211 | D:7      | Killed Prince Ribbit
 10212 | D:7      | Reached XP level 10. HP: 76/76 MP: 0/0
 10265 | D:7      | Reached skill level 10 in Spellcasting
 10764 | D:8      | Noticed Pikel
 10769 | D:8      | Killed Pikel
 10770 | D:8      | Noticed Maurice
 10776 | D:8      | Killed Maurice
 11048 | D:8      | Noticed Harold
 11056 | D:8      | Killed Harold
 11056 | D:8      | Reached *** piety under Makhleb
 11276 | D:8      | Reached skill level 11 in Spellcasting
 12115 | D:9      | Reached XP level 11. HP: 60/84 MP: 0/0
 12115 | D:9      | Learned a level 5 spell: Iskenderun's Battlesphere
 12235 | D:9      | Noticed Joseph
 12239 | D:9      | Killed Joseph
 12660 | D:9      | Noticed a boulder beetle
 12671 | D:9      | HP: 4/85 [boulder beetle (16)]
 12673 | D:9      | Demolished by a boulder beetle

Illustrated notes

Levels and vault maps discovered:
D:1:      lightli_molten_gateway, layout_basic, basic_ecumenical_altar,
          minmay_pentomino_w2
D:2:      layout_basic, basic_altar, minmay_tripent
D:3:      layout_loops_ring, portal_sewer_entry_b
D:4:      layout_rooms, nicolae_overflow_hidden_temple,
          minmay_temple_entry_ruins, uniq_eustachio, uniq_blork_the_orc
D:5:      layout_basic, minmay_overflow_temple_star_quad, gammafunk_ghost_hive,
          small_statue_intersection, roderic_batcave
D:6:      layout_loops_cross, hangedman_decor_points, nicolae_lava_and_water
D:7:      cheibrodos_steamvent, layout_loops_corners, old_standard_altar,
          minmay_a_box_with_orc_wizards_in_it, uniq_prince_ribbit1,
          uniq_menkaure
D:8:      layout_cave_pools, uniq_harold, uniq_pikel, uniq_maurice
D:9:      layout_basic, erik_orc_2, lightli_fourway_metalbox, uniq_erica,
          uniq_joseph, uniq_erolcha
Temple:   nicolae_temple_elliptical

Skill      XL: |  1  2  3  4  5  6  7  8  9 10 |
---------------+-------------------------------+-----
Spellcasting   | 3 4 5 6 8 9 11 | 11.8
Fighting       | 1 2 3 4 6 7 9 |  9.8
Dodging        | |  2.1
Stealth        | |  1.5

Action                   |  1- 3 |  4- 6 |  7- 9 | 10-12 || total
-------------------------+-------+-------+-------+-------++-------
Melee: Dagger            |       |    11 |       |       ||    11
 Cast: Shock             |    59 |   139 |     2 |       ||   200
       Static Discharge  |       |    13 |     5 |       ||    18
       Airstrike         |       |       |   121 |   110 ||   231
Evoke: Wand              |       |       |       |     7 ||     7
  Use: Scroll            |       |       |       |     7 ||     7
Armor: Robe              |     2 |     3 |     2 |       ||     7
       Steam dragon scal |       |       |       |    11 ||    11
Dodge: Dodged            |     2 |    28 |    12 |    35 ||    77
Block: Other             |       |     4 |     9 |    12 ||    25
       Reflection        |       |       |       |     2 ||     2

Table legend: (Time is in decaauts)
 A = Elapsed time spent in this place.
 B = Non-inter-level travel time spent in this place.
 C = Inter-level travel time spent in this place.
 D = Time resting spent in this place.
 E = Time spent auto-exploring this place.
 F = Levels seen in this place.
 G = Mean time per level.
                   A        B        C        D        E       F      G
               +--------+--------+--------+--------+--------+-----+--------+
         Total |  12678 |  12337 |    341 |   1435 |   9631 |  10 | 1267.8 |
       Dungeon |  12454 |  12143 |    311 |   1435 |   9438 |   9 | 1383.8 |
        Temple |    223 |    193 |     30 |      0 |    193 |   1 |  223.0 |
               +--------+--------+--------+--------+--------+-----+--------+

Top non-repeatable levels by time:
     D:3: 1957 daAuts
     D:7: 1950 daAuts
     D:5: 1554 daAuts
     D:2: 1542 daAuts
     D:4: 1465 daAuts
     D:8: 1350 daAuts
     D:1: 1142 daAuts
     D:6: 1107 daAuts
     D:9: 384 daAuts
  Temple: 223 daAuts
